 Dungeon Crawl Stone Soup version bcrawl-1.28.4 (webtiles) character file.

Game seed: 15782730661831058683

130340 Mehrunes the Purveyor of Pain (level 6, -1/32 HPs)
             Began as a Skeleton Necromancer on Jan 17, 2021.
             Was an Initiate of Kikubaaqudgha.
             Slain by a black bear (4 damage)
             ... on level 4 of the Dungeon.
             The game lasted 00:11:23 (5092 turns).

Mehrunes the Purveyor of Pain (SkNe)                Turns: 5092, Time: 00:11:24

Health: -1/32      AC:  8    Str: 14 (16) XL:     6   Next: 50%
Magic:  0/15       EV: 10    Int: 13 (14) God:    Kikubaaqudgha [......]
Gold:   312        SH:  5    Dex:  9      Spells: 0/18 levels left

rFire    . . .     SeeInvis .   s - +0 rapier
rCold    + . .     Gourm    .   (no shield)
rNeg     + + +     Faith    .   n - +0 scale mail
rPois    ∞         Spirit   +   (no helmet)
rElec    .         Reflect  +   (no cloak)
rCorr    .         Harm     .   q - +0 pair of gloves
MR       .....                  k - +0 pair of boots
Stlth    +.........             l - +5 amulet of reflection (curse)
HPRegen  0.10/turn              (no ring)
MPRegen  0.14/turn              (no ring)

@: very slightly contaminated
A: no food or potions, cold resistance 1, deterioration 1, negative energy
resistance 3, powered by death 1, torment resistance, unbreathing, magic shield,
sturdy frame 1, spell healing
a: Renounce Religion


You were on level 4 of the Dungeon.
You worshipped Kikubaaqudgha.
Kikubaaqudgha was noncommittal.
You were not hungry.

You visited 2 branches of the dungeon, and saw 5 of its levels.

You collected 312 gold pieces.

Inventory:

Hand Weapons
 a - a +1 dagger
 p - a +0 war axe
 s - a +0 rapier (weapon)
Armour
 b - a +0 robe
 k - a +0 pair of boots (worn)
 n - a +0 scale mail (worn)
 q - a +0 pair of gloves (worn)
Jewellery
 l - a cursed +5 amulet of reflection (around neck)
Wands
 d - a wand of random effects (5)
 i - a wand of acid (1)
Scrolls
 c - a scroll of noise {unknown}
 e - 2 scrolls of blinking {unknown}
 f - 2 scrolls of fog {unknown}
 g - 3 scrolls of teleportation {unknown}
 h - a scroll of amnesia {unknown}
 j - 4 scrolls of identify
 m - a scroll of fear {unknown}
 o - a scroll of immolation {unknown}
 r - 2 scrolls of remove curse {unknown}


   Skills:
 + Level 0.2 Short Blades
 - Level 2.0 Dodging
 - Level 2.4 Stealth
 - Level 6.5 Spellcasting
 + Level 7.0 Necromancy


You couldn't memorise any spells.
You knew the following spells:

 Your Spells              Type           Power        Failure   Level  Hunger
a - Animate Skeleton      Necr           N/A          2%          1    N/A
b - Pain                  Necr           ###...       2%          1    N/A
c - Vampiric Draining     Necr           ###.......   7%          3    N/A
d - Agony                 Necr           ###.....     22%         4    N/A
e - Animate Dead          Necr           N/A          22%         4    N/A
f - Dispel Undead         Necr           ###.....     54%         5    N/A

Your spell library contained the following spells:

 Spells                   Type           Power        Failure   Level  Hunger


Dungeon Overview and Level Annotations

Branches:
Dungeon (4/12)             Temple (1/1) D:4

Altars:
Cheibriados
Dithmenos
Elyvilon
Fedhas
Kikubaaqudgha
Makhleb
Okawaru
Qazlal
Ru
Sif Muna
Trog
Vehumet
Wu Jian
Xom
Yredelemnul
Zin
The Shining One


Innate Abilities, Weirdness & Mutations

You do not eat or drink.
You are immune to poison.
Your flesh is cold resistant. (rC+)
Your body sometimes deteriorates upon taking damage.
You are immune to negative energy. (rN+++)
You regenerate a little health from kills.
You are immune to unholy pain and torment.
You can survive without breathing.
When hurt, damage is shared between your health and your magic reserves.
Your movements are slightly less encumbered by armour. (ER -2)
Casting spells heals you.


Message History

Aim: a black bear (heavily wounded, chance to defeat MR: 81%)
The black bear writhes in agony.
Casting: Pain (safe; 2% risk of failure)
Confirm with . or Enter, or press ? or * to list all spells.
Aiming: Pain (safe; 2% risk of failure)
Press: ? - help, Shift-Dir - straight line, f/p - black bear
Aim: a black bear (severely wounded, chance to defeat MR: 81%)
The black bear writhes in agony.
The black bear goes berserk!
Casting: Pain (safe; 2% risk of failure)
Confirm with . or Enter, or press ? or * to list all spells.
Aiming: Pain (safe; 2% risk of failure)
Press: ? - help, Shift-Dir - straight line, f/p - black bear
Aim: a black bear (severely wounded, berserk, fast, unusually strong, chance to defeat MR: 81%)
The black bear writhes in agony.
The black bear bites you! You block the black bear's attack.
The black bear claws you. The black bear bites you!
* * * LOW HITPOINT WARNING * * *
The black bear claws you.
You die...
Kikubaaqudgha rasps: "You have failed me!
Welcome... oblivion!"

#.# # #.########
#######........#
#.....#........#
#[###.#........#
#.###.#........#
#.#...#........#
#.#.###.....h..###############
#.#..#.......@................
#.##.###.......###############
#...........#### #........##
####.#....#.# #........##
#.#....#.########........##
#.#....#.................##
#.#....####...###........##
#...............#........##
###########...#.######.####


You could see a black bear (berserk).

Vanquished Creatures
  A scorpion (D:4)
  2 crimson imps (D:3)
  3 orc wizards (D:4)
  2 worker ants (D:3)
  4 gnolls (D:2)
  3 adders
  An ooze (D:1)
  5 worms
  3 leopard geckos
  5 orcs
  4 bats
  3 giant cockroaches
  10 hobgoblins
  4 jackals (D:4)
  7 kobolds
  4 frilled lizards
  A goblin (D:2)
  6 rats
68 creatures vanquished.

Notes
Turn   | Place    | Note
-------+----------+-------------------------------------------
     0 | D:1      | Mehrunes the Skeleton Necromancer began the quest for the
                  | Orb.
     0 | D:1      | Reached XP level 1. HP: 10/10 MP: 4/4
   629 | D:1      | Reached XP level 2. HP: 15/15 MP: 1/6
   744 | D:1      | Reached skill level 5 in Necromancy
  1775 | D:2      | Reached XP level 3. HP: 19/19 MP: 0/8
  1913 | D:2      | Learned a level 3 spell: Vampiric Draining
  2334 | D:2      | Reached XP level 4. HP: 24/24 MP: 3/10
  2519 | D:2      | Learned a level 4 spell: Agony
  3127 | D:3      | Found a shimmering altar of Xom.
  3381 | D:2      | Paralysed by a crimson imp for 3 turns
  3542 | D:3      | Reached skill level 5 in Spellcasting
  3542 | D:3      | Reached skill level 6 in Necromancy
  3542 | D:3      | Reached XP level 5. HP: 25/28 MP: 10/12
  4155 | D:3      | Learned a level 4 spell: Animate Dead
  4245 | D:4      | Gained mutation: You regenerate a little health from kills.
                  | [Skeleton growth]
  4245 | D:4      | Reached XP level 6. HP: 32/32 MP: 8/15
  4418 | D:4      | Found a staircase to the Ecumenical Temple.
  4496 | D:4      | Reached skill level 7 in Necromancy
  4584 | Temple   | Entered the Ecumenical Temple
  4698 | Temple   | Became a worshipper of Kikubaaqudgha
  4882 | D:3      | Learned a level 5 spell: Dispel Undead
  5092 | D:4      | Slain by a black bear

Skill      XL: |  1  2  3  4  5  6 |
---------------+-------------------+-----
Necromancy     | 5 6 7 |  7.0
Spellcasting   | 4 5 6 |  6.5
Short Blades   | |  0.2
Dodging        | |  2.0
Stealth        | |  2.4

Action                   |  1- 3 |  4- 6 || total
-------------------------+-------+-------++-------
Melee: Dagger            |     3 |    97 ||   100
 Cast: Pain              |    85 |    97 ||   182
       Animate Skeleton  |       |     4 ||     4
       Vampiric Draining |       |     1 ||     1
       Agony             |       |     1 ||     1
Evoke: Wand              |       |     7 ||     7
Armor: Robe              |     1 |       ||     1
       Scale mail        |       |    81 ||    81
Dodge: Dodged            |    12 |    88 ||   100
Block: Other             |       |    44 ||    44
       Reflection        |       |     4 ||     4
